 Dungeon Sprint DCSS version 0.28-a0-178-ga708605c5b (webtiles) character file.

Game seed: 15849047031783622515

6 MikeHunt the Conjurer (level 1, -6/22 HPs)
             Began as a Naga Conjurer on Aug 17, 2021.
             Mangled by a human (8 damage)
             ... in the Dungeon (Sprint III: "The Ten Rune Challenge").
             The game lasted 00:01:13 (118 turns).

MikeHunt the Conjurer (Naga Conjurer)                Turns: 118, Time: 00:01:14

Health: -6/22      AC:  1    Str:  9    XL:     1   Next: 90%
Magic:  1/5        EV:  9    Int: 18    God:
Gold:   14         SH:  0    Dex:  9    Spells: 6/7 levels left

rFire   . . .      SeeInvis +   (no weapon)
rCold   . . .      Faith    .   (no shield)
rNeg    . . .      Spirit   .   a - +0 robe
rPois   +          Reflect  .   (no helmet)
rElec   .          Harm     .   (no cloak)
rCorr   .          Rampage  .   (no gloves)
Will    .....      NoTele   +   (no barding)
Stlth   ..........              (no amulet)
HPRegen 0.07/turn               (no ring)
MPRegen 0.09/turn               (no ring)

@: berserking (expiring), quick
A: AC +0, large, see invisible, deformed body, poison resistance, slowness 2,
spit poison 1, naga tail 1
a: Spit Poison


You were in the Dungeon.
You visited 1 branch You collected 14 gold pieces.

Inventory:

Missiles
 h - 18 stones
Armour
 a - a +0 robe (worn)
Scrolls
 g - a scroll of blinking
 j - 2 scrolls of immolation {unknown}
 k - 4 scrolls of identify
Potions
 b - a potion of curing
 d - a potion of haste
 e - 2 potions of magic
 i - 5 potions of mutation {unknown}
 l - 4 potions of flight


   Skills:
 - Level 1.5 Dodging
 - Level 3.0 Stealth
 + Level 3.8 Spellcasting
 - Level 4.0 Conjurations


You had 6 spell levels left.
You knew the following spells:

 Your Spells              Type           Power      Damage    Failure   Level
a - Magic Dart            Conj           68%        1d6       3%          1

Your spell library contained the following spells:

 Spells                   Type           Power      Damage    Failure   Level
 Searing Ray              Conj           34%        3d4       4%          2
 Dazzling Flash           Conj/Hex       20%        N/A       21%         3
 Fulminant Prism          Conj/Hex       5%         3d7       54%         4
 Iskenderun's Mystic Bla  Conj/Tloc      10%        2d4       54%         4


Dungeon Overview and Level Annotations

Branches:
Dungeon (1/1)

Altars:


Innate Abilities, Weirdness & Mutations

Your serpentine skin is tough. (AC +0)
You have supernaturally acute eyesight. (SInv)
Armour fits poorly on your strangely shaped body.
Your system is resistant to poisons. (rPois)
You cover ground very slowly.
You can spit poison.
You have a snake-like lower body.


Message History

Press: ? - help, Shift-Dir - straight line, f/p - human
Aim: a human (lightly wounded, 100% to hit)
The magic dart hits the human.
The human is moderately wounded.
You have got your breath back.
The human closely misses you.
Press: ? - help, Shift-Dir - straight line, f/p - human
Aim: a human (moderately wounded)
The splash of poison misses the human.
The human hits you.
Casting: Magic Dart (safe; 3% risk of failure)
Confirm with . or Enter, or press ? or * to list all spells.
Aiming: Magic Dart (safe; 3% risk of failure)
Press: ? - help, Shift-Dir - straight line, f/p - human
Aim: a human (moderately wounded, 100% to hit)
The magic dart hits the human.
The human is moderately wounded.
The human hits you!
Ouch! That really hurt!
* * * LOW HITPOINT WARNING * * *
You feel much better. The human hits you!
Ouch! That really hurt!
A red film seems to cover your vision as you go berserk!
You feel yourself moving faster!
You feel mighty! The human hits you!
* * * LOW HITPOINT WARNING * * *
You hit the human.
The human is moderately wounded.
The human barely misses you.
You hit the human.
The human is heavily wounded.
You have got your breath back.
The human splashes around in the water.
You barely miss the human.
The human is heavily wounded.
The human completely misses you.
You punch the human!
The human is severely wounded.
You closely miss the human.
The human is severely wounded.
The human hits you!
You die...

▓▓▓▓▓▓▓▓▓▓▓
▓<.#..'...♣♣
▓..#..#....♣
▓#'####....♣♣
▓...†.#....≈♣
▓.....#..@≈≈♣♣
▓.....#..≈p≈≈♣♣
▓####†#..≈≈≈≈≈≈♣
▓=....#.≈≈≈≈≈≈...
▓.....#.≈≈≈≈≈....
▓.....#.≈≈≈......
▓'#####..........
▓................
▓▓▓▓▓▓▓▓▓▓▓▓▓▓▓


You could see a human.

Vanquished Creatures
  A phantom (D)
  An endoplasm (D)
  3 rats (D)
5 creatures vanquished.

Notes
Turn   | Place    | Note
-------+----------+-------------------------------------------
     0 | D        | MikeHunt the Naga Conjurer began the quest for the Orb.
     0 | D        | Reached XP level 1. HP: 15/15 MP: 3/3
   118 | D        | Mangled by a human

Illustrated notes

Levels and vault maps discovered:
D:        dungeon_sprint_mu [sprint_mu_entry_forest, sprint_mu_temple_rooms,
          sprint_mu_d1_horrors, sprint_mu_d2_genie, sprint_mu_d3_branching,
          sprint_mu_orc_legion, sprint_mu_elf_gauntlet, sprint_mu_hive_nellie,
          sprint_mu_lair_fedhas, sprint_mu_vaults_butterflies,
          sprint_mu_slime_circle, sprint_mu_swamp_cave, sprint_mu_shoals_kraken,
          sprint_mu_blade_basic, sprint_mu_crypt_chambers,
          sprint_mu_tomb_spiral, sprint_mu_vestibule_basic,
          sprint_mu_gehenna_hellfire, sprint_mu_dis_giant,
          sprint_mu_tartarus_statrot, sprint_mu_cocytus_islands, sprint_mu_zot1]

Skill      XL: |  1 |
---------------+----+-----
Spellcasting   | 3 |  3.8
Dodging        | |  1.5
Stealth        | |  3.0
Conjurations   | |  4.0

Action                   || total
-------------------------++-------
Melee: Unarmed           ||     5
 Cast: Magic Dart        ||    11
 Abil: Spit Poison       ||     5
  Use: Potion            ||     2
Dodge: Dodged            ||     3

Table legend: (Time is in decaauts)
 A = Elapsed time spent in this place.
 B = Non-inter-level travel time spent in this place.
 C = Inter-level travel time spent in this place.
 D = Time resting spent in this place.
 E = Time spent auto-exploring this place.
 F = Levels seen in this place.
 G = Mean time per level.
                   A        B        C        D        E       F      G
               +--------+--------+--------+--------+--------+-----+--------+
         Total |    132 |    132 |      0 |     45 |      0 |   1 |  132.0 |
       Dungeon |    132 |    132 |      0 |     45 |      0 |   1 |  132.0 |
               +--------+--------+--------+--------+--------+-----+--------+

Top non-repeatable levels by time:
       D: 132 daAuts
